 Dungeon Crawl Stone Soup version 0.18-a0-246-gbfa2ae1 (webtiles) character file.

178 McCoppin the Twirler (level 5, -1/38 HPs)
             Began as a Formicid Gladiator on Nov 26, 2015.
             Slain by an orc
             ... wielding a +0 war axe
              (6 damage)
             ... on level 4 of the Dungeon.
             The game lasted 00:04:32 (2124 turns).

McCoppin the Twirler (Formicid Gladiator)           Turns: 2124, Time: 00:04:32

Health: -1/38      AC:  3    Str: 21    XL:     5   Next: 89%
Magic:  5/5        EV: 12    Int:  7    God:
Gold:   58         SH:  0    Dex: 11    Spells: 0 memorised, 4 levels left

rFire  . . .     SeeInvis +     a - +0 quarterstaff
rCold  . . .     Clarity  .     b - +0 leather armour
rNeg   . . .     SustAt   .     (no shield)
rPois  .         Gourm    +     (helmet unavailable)
rElec  .         Spirit   .     (no cloak)
rCorr  .         Warding  .     (no gloves)
rMut   .         Stasis   +     (no boots)
MR     .....                    e - amulet of the gourmand
Stlth  +.........               (no ring)
                                (no ring)

@: not resistant to hostile enchantments, very unstealthy
A: permanent stasis, dig shafts and tunnels, four strong arms, antennae 3, spit
poison 1
a: Dig, Shaft Self, Spit Poison


You were on level 4 of the Dungeon.
You were completely stuffed.

You visited 1 branch of the dungeon, and saw 4 of its levels.

You collected 58 gold pieces.

Inventory:

Hand Weapons
 a - a +0 quarterstaff (weapon)
Missiles
 c - 3 throwing nets (quivered)
Armour
 b - a +0 leather armour (worn)
Jewellery
 e - an amulet of the gourmand (around neck)
Scrolls
 f - a scroll of teleportation {unknown}
 h - a scroll of immolation
 i - 2 scrolls of magic mapping {unknown}
 k - a scroll of amnesia
Potions
 m - a potion of cure mutation
Comestibles
 d - a bread ration
 g - a meat ration
 j - 11 chunks of flesh
 l - a fruit


   Skills:
 - Level 2.1 Fighting
 + Level 6.1 Staves
 - Level 1.5 Throwing
 - Level 2.6 Dodging


You had 4 spell levels left.
You didn't know any spells.

Dungeon Overview and Level Annotations

Branches:
Dungeon (4/15)
 Temple: D:4-7

Altars:


Innate Abilities, Weirdness & Mutations

You are under a permanent stasis effect.
You can dig through walls and to a lower floor.
Your four strong arms can wield two-handed weapons with a shield.
You have a pair of large antennae on your head (SInv).
You can spit weak poison.


Message History

The tomahawk hits you.
The giant frog skeleton hits you but does no damage.
You hit the giant frog skeleton but do no damage.
The giant frog skeleton completely misses you.
The giant frog skeleton closely misses you.
Drink which item? (? for menu, Esc to quit)
It was a potion of mutation.
You feel extremely strange.
There is a nasty taste in your mouth for a moment.
You feel stronger.
You feel weaker. The giant frog skeleton hits you.
* * * LOW HITPOINT WARNING * * *
You hit the giant frog skeleton. The giant frog skeleton hits you.
* * * LOW HITPOINT WARNING * * *
Read which item? (? for menu, Esc to quit)
Okay, then.
You barely miss the giant frog skeleton.
The giant frog skeleton hits you.
* * * LOW HITPOINT WARNING * * *
The orc hits you with a war axe.
You die...

#.# ... ## #.## #
#. ... .# # #.
#.##..#.#
..####.##.......#
.......<.(....#
######.#(###$.####
#...Z@o......
........##.#####
#........# #
#.........
........<..
#........#.
.........#.#
........#.#


You could see an orc and a giant frog skeleton.

Vanquished Creatures
  An orc wizard (D:3)
  2 orc priests (D:3)
  3 adders (D:3)
  An ooze (D:3)
  2 worms (D:3)
  3 giant geckos
  4 orcs (D:3)
  A ball python (D:3)
  5 bats
  2 giant cockroaches
  5 hobgoblins
  3 kobolds
  2 giant newts
  3 goblins
  3 jackals (D:2)
  A quokka (D:3)
  7 rats
48 creatures vanquished.

Notes
Turn   | Place    | Note
--------------------------------------------------------------
     0 | D:1      | McCoppin the Formicid Gladiator began the quest for the Orb.
     0 | D:1      | Reached XP level 1. HP: 16/16 MP: 1/1
   151 | D:1      | Reached XP level 2. HP: 19/22 MP: 2/2
   431 | D:2      | Reached skill level 4 in Staves
   431 | D:2      | Reached XP level 3. HP: 8/27 MP: 3/3
   708 | D:2      | You fall through a shaft!
  1227 | D:3      | Reached XP level 4. HP: 31/33 MP: 4/4
  1287 | D:3      | Reached skill level 5 in Staves
  1947 | D:3      | Reached XP level 5. HP: 38/38 MP: 5/5
  2017 | D:3      | Reached skill level 6 in Staves
  2122 | D:4      | Gained mutation: You can spit weak poison. [potion of mutation]
  2122 | D:4      | Gained mutation: Your muscles are strong. (Str +2) [potion of mutation]
  2122 | D:4      | Lost mutation: Your muscles are strong. (Str +2) [potion of mutation]
  2124 | D:4      | Slain by an orc

Vault maps used:
D:1:      mrwooster_arrival_arrow, hangedman_decor_peaks_small
D:4:      minitemple, serial_shops, shop, uniq_natasha

Action                   |  1- 3 |  4- 6 || total
-------------------------+-------+-------++-------
Melee: Quarterstaff      |   133 |    75 ||   208
 Abil: Dig               |       |     1 ||     1
  Use: Scroll            |       |     3 ||     3
       Potion            |       |     1 ||     1
  Eat: Chunk             |    10 |     4 ||    14
